 Dungeon Crawl Stone Soup version 0.31.0-11-ge490571c62 (webtiles) character file.

Game seed: 3530039427714579421

70 Arcadio the Trooper (level 4, -1/67 HPs)
             Began as a Troll Delver on Jan 26, 2024.
             Slain by Crazy Yiuf
             ... wielding a +4 quarterstaff of chaos
              (3 damage)
             ... on level 2 of the Dungeon.
             The game lasted 00:01:50 (1105 turns).

Arcadio the Trooper (Troll Delver)                  Turns: 1105, Time: 00:01:51

Health: -1/67      AC: 22    Str: 22    XL:     4   Next: 4%
Magic:  3/3        EV:  1    Int:  6    God:
Gold:   94         SH:  0    Dex: 11    Spells: 3/3 levels left

rFire   + .          .
                       - Unarmed
rCold   + . .        (no shield)
rNeg    . . .        a - melded +0 robe
rPois   +            (helmet currently unavailable)
rElec   +            (cloak currently unavailable)
rCorr   +            (gloves unavailable)
SInv    .            (boots unavailable)
Will    .....        (no amulet)
Stlth   ++           j - ring of flight
HPRegen 1.11/turn    (no ring)
MPRegen 0.08/turn

%: no passive effects
@: mighty, lethally poisoned (-1 -> -1), tree-form, resistant, fragile (+50%
incoming damage)
A: stationary, stasis, torment immunity, boosted hp, large, unfitting armour,
(claws 3), regeneration 1, (shaggy fur 1), (tough skin 1)
a: no special abilities


You were on level 2 of the Dungeon.
You were a tree.
You visited 1 branch of the dungeon, and saw 4 of its levels.

You collected 94 gold pieces.

Inventory:

Armour
 a - a +0 robe (melded)
Jewellery
 j - a ring of flight (left branch)
Wands
 f - a wand of digging (3)
Scrolls
 b - a scroll of fog
 c - a scroll of revelation
 d - a scroll of fear
 i - a scroll of amnesia {unknown}
 l - a scroll of enchant weapon {unknown}
 m - a scroll of vulnerability {unknown}
 n - a scroll of enchant armour {unknown}
Potions
 e - a potion of haste
 g - a potion of attraction {unknown}
 h - 2 potions of curing {unknown}
 k - a potion of might {unknown}


   Skills:
 + Level 3.1 Fighting
 + Level 2.4 Dodging
 - Level 2.7 Stealth
 + Level 2.9 Unarmed Combat


You had 3 spell levels left.
You didn't know any spells.
Your spell library contained the following spells:

 Spells                   Type           Power      Damage    Failure   Level
 Blink                    Tloc           0%         N/A       58%         2
 Lesser Beckoning         Tloc           0%         N/A       58%         2
 Momentum Strike          Conj/Tloc      0%         3d8       58%         2


Dungeon Overview and Level Annotations

Branches:
Dungeon (5/15)
 Temple: D:4-7

Altars:
Uskayaw

Annotations:
D:2 Crazy Yiuf
D:4 Pikel


Innate Abilities, Weirdness & Mutations

You are a tree.
Your roots penetrate the ground, keeping you stationary.
You cannot be teleported.
You are immune to unholy pain and torment.
Your maximum health is greatly increased.
Your equipment is partially melded.
You are too large for most types of armour.
((You have claws for hands.))
Your natural rate of healing is unusually fast.
((You are covered in fur. (AC +1)))
((You have tough skin. (AC +1)))


Message History

Your +0 robe melds into your body.
Your roots penetrate the ground.
There is an open translucent door here.
You hit Crazy Yiuf but do no damage.
Crazy Yiuf whimpers, "Trifle!"
Crazy Yiuf hits you with a +4 quarterstaff of chaos.
Your body becomes as fragile as glass!
You completely miss Crazy Yiuf.
Crazy Yiuf hits you with a +4 quarterstaff of chaos.
You are confused.
You cannot move. (Use ctrl+direction or * direction to attack while stationary and confused.)
You cannot move. (Use ctrl+direction or * direction to attack while stationary and confused.)
You cannot move. (Use ctrl+direction or * direction to attack while stationary and confused.)
You cannot move. (Use ctrl+direction or * direction to attack while stationary and confused.)
You cannot move. (Use ctrl+direction or * direction to attack while stationary and confused.)
You cannot move. (Use ctrl+direction or * direction to attack while stationary and confused.)
You cannot move. (Use ctrl+direction or * direction to attack while stationary and confused.)
You cannot move. (Use ctrl+direction or * direction to attack while stationary and confused.) Crazy Yiuf hits you with a +4 quarterstaff of chaos.
Crazy Yiuf freezes you.
You cannot move. (Use ctrl+direction or * direction to attack while stationary and confused.)
You cannot move. (Use ctrl+direction or * direction to attack while stationary and confused.) Crazy Yiuf hits you with a +4 quarterstaff of chaos.
You feel very mighty all of a sudden.
Crazy Yiuf hits you with a +4 quarterstaff of chaos!
You feel protected.
You cannot move. (Use ctrl+direction or * direction to attack while stationary and confused.)
You cannot move. (Use ctrl+direction or * direction to attack while stationary and confused.)
You cannot move. (Use ctrl+direction or * direction to attack while stationary and confused.)
You nearly hit yourself!
Crazy Yiuf hits you but does no damage.
You attack the tree.
Crazy Yiuf hits you with a +4 quarterstaff of chaos!
You are poisoned.
You smack Crazy Yiuf!
Crazy Yiuf is heavily wounded.
You feel less confused.
You feel sick.
Crazy Yiuf hits you with a +4 quarterstaff of chaos!
* * * LOW HITPOINT WARNING * * *
Crazy Yiuf burns you.
You die...

.## #.......### #.#
##. ..#########.#
#.#### ##.. ...##
##.#.# #....# ##...
....####..###
##########....
....'.....# #..'....
....####..# ####....
...## ##.# ####
♣♣#####.... ..## ###
#)..#♣♣ ♣♣..#....#..
.##
#..g♣.♣♣♣♣......####.
## #...#♣..♣......##
## # #### ♣♣♣.♣...###
# # ♣♣♣♣♣#### #### ##
#.# #... .## ###
#####.###...
).##########.#
#.#.#.#.....
.#...........#
#.#.#.#.#...
##.###########
#)#........#


You could see Crazy Yiuf.

Vanquished Creatures
  Natasha (D:2)
  An iguana (D:3)
  A ribbon worm (D:2)
  3 ball pythons
  2 endoplasms
  A giant cockroach (D:4)
  5 goblins
  2 hobgoblins
  A kobold (D:2)
  A bat (D:2)
18 creatures vanquished.

Notes
Turn   | Place    | Note
-------+----------+-------------------------------------------
     0 | D:5      | Arcadio the Troll Delver began the quest for the Orb.
     0 | D:5      | Reached XP level 1. HP: 22/22 MP: 0/0
    15 | D:5      | Noticed an ogre
   141 | D:4      | Reached XP level 2. HP: 29/29 MP: 1/1
   147 | D:4      | Noticed a lemure
   148 | D:4      | Noticed Pikel
   166 | D:3      | Reached XP level 3. HP: 8/36 MP: 2/2
   797 | D:2      | Found a hide-covered altar of Uskayaw.
   841 | D:2      | Found a runed translucent door.
   842 | D:2      | Noticed Crazy Yiuf
   864 | D:2      | Noticed Natasha
   869 | D:2      | Killed Natasha
   870 | D:2      | Reached skill level 3 in Fighting
   870 | D:2      | Reached XP level 4. HP: 45/45 MP: 3/3
  1105 | D:2      | HP: 2/67 [Crazy Yiuf/+4 quarterstaff of chaos (13)]
  1105 | D:2      | Slain by Crazy Yiuf

Illustrated notes

Levels and vault maps discovered:
D:2:      layout_loops_corners, basic_altar, uniq_natasha,
          uniq_crazy_yiuf_cottage
D:3:      layout_rooms, serial_co_window_serial, co_window_paths_a,
          co_window_paths_a, co_window_of_opportunity_a,
          co_window_of_opportunity_a, co_window_corner_a, co_window_corner_b,
          co_window_of_opportunity_b, co_window_broadway_c, co_window_paths_d,
          glass_columns_c, glass_columns_a, glass_columns_a, glass_columns_a,
          kennysheep_generic_room_2
D:4:      layout_layer_cave, uniq_pikel
D:5:      layout_loops_ring

Skill      XL: |  1  2  3 |
---------------+----------+-----
Dodging        | 2 |  2.4
Fighting       | 3 |  3.1
Stealth        | |  2.7
Unarmed Combat | |  2.9

Action                     |  1- 3 |  4- 6 || total
---------------------------+-------+-------++-------
  Melee: Unarmed           |    50 |     3 ||    53
   Stab: Sleeping          |     6 |       ||     6
 Armour: Robe              |    24 |       ||    24
         Skin              |       |     8 ||     8
  Dodge: Dodged            |    21 |       ||    21
